 Dungeon Crawl Stone Soup version 0.27-a0-1200-g94dc6ad4cf (webtiles) character file.

Game seed: 16534028876488164558

76 Ijustatesigmund the Skirmisher (level 4, 0/37 HPs)
             Began as a Demonspawn Fighter on June 1, 2021.
             Killed by divine providence
             ... invoked by an orc priest
              (12 damage)
             ... on level 3 of the Dungeon.
             The game lasted 00:02:48 (1866 turns).

Ijustatesigmund the Skirmisher (Demonspawn Fighter) Turns: 1866, Time: 00:02:49

Health: 0/37       AC: 13    Str: 16    XL:     4   Next: 12%
Magic:  4/4        EV:  6    Int:  9    God:
Gold:   80         SH:  8    Dex: 14    Spells: 3/3 levels left

rFire    . . .     SeeInvis .   a - +0 war axe
rCold    . . .     Faith    .   c - +0 kite shield
rNeg     . . .     Spirit   .   b - +0 scale mail
rPois    .         Reflect  .   j - +1 hat
rElec    .         Harm     .   (no cloak)
rCorr    .         Rampage  .   (no gloves)
Will     .....                  (no boots)
Stlth    ..........             (no amulet)
HPRegen  0.12/turn              (no ring)
MPRegen  0.09/turn              (no ring)

@: sanguine armoured, studying Hexes
A: sanguine armour 1
a: no special abilities


You were on level 3 of the Dungeon.
You visited 1 branch of the dungeon, and saw 3 of its levels.

You collected 80 gold pieces.

Inventory:

Hand Weapons
 a - a +0 war axe (weapon)
Armour
 b - a +0 scale mail (worn)
 c - a +0 kite shield (worn)
 j - a +1 hat (worn)
Scrolls
 e - 3 scrolls of magic mapping {unknown}
Potions
 d - a potion of might
 h - a potion of cancellation {unknown}
 i - a potion of brilliance {unknown}


   Skills:
 + Level 3.7 Fighting
 * Level 3.4 Axes
 - Level 2.6 Armour
 - Level 2.6 Shields


You had 3 spell levels left.
You didn't know any spells.
Your spell library contained the following spells:

 Spells                   Type           Power      Damage    Failure   Level
 Magic Dart               Conj           0%         1d3       100%        1
 Summon Small Mammal      Summ           0%         N/A       100%        1
 Call Imp                 Summ           0%         N/A       100%        2
 Searing Ray              Conj           0%         3d3       100%        2
 Call Canine Familiar     Summ           0%         N/A       100%        3
 Dazzling Flash           Conj/Hex       0%         N/A       100%        3
 Summon Guardian Golem    Hex/Summ       0%         N/A       100%        3
 Fulminant Prism          Conj/Hex       0%         3d6       100%        4
 Iskenderun's Mystic Bla  Conj/Tloc      0%         2d3       100%        4
 Summon Ice Beast         Ice/Summ       0%         N/A       100%        4
 Summon Lightning Spire   Summ/Air       0%         N/A       100%        4


Dungeon Overview and Level Annotations

Branches:
Dungeon (3/15)

Altars:


Innate Abilities, Weirdness & Mutations

When seriously injured, your bleeding wounds create armour. (AC +6)


Message History

A centaur zombie is nearby!
An orc priest comes into view. It is wielding a +0 trident.
The orc priest shouts!
You hear a shout!
You hit the centaur zombie.
The centaur zombie is lightly damaged.
You block the centaur zombie's attack.
The centaur zombie kicks you but does no damage.
The centaur zombie hits you.
The centaur zombie kicks you but does no damage.
You slash the centaur zombie!
The centaur zombie is moderately damaged.
You block the centaur zombie's attack.
The centaur zombie kicks you but does no damage.
The centaur zombie closely misses you.
The centaur zombie kicks you but does no damage.
The orc priest miscasts a cantrip.
You slash the centaur zombie!
The centaur zombie is severely damaged.
The centaur zombie hits you. The centaur zombie kicks you.
An orc priest comes into view. It is wielding a +0 short sword.
The orc priest hits you from afar with a +0 trident!
Your blood congeals into armour.
The centaur zombie hits you but does no damage.
You block the centaur zombie's attack.
The orc priest calls down the wrath of Beogh upon you.
Beogh smites you!
* * * LOW HITPOINT WARNING * * *
You feel better.
The centaur zombie hits you but does no damage.
You block the centaur zombie's attack.
The centaur zombie hits you but does no damage.
You block the centaur zombie's attack.
The orc priest hits you from afar with a +0 trident.
The centaur zombie hits you. The centaur zombie kicks you.
The orc priest casts a cantrip, but nothing happens.
The centaur zombie hits you but does no damage.
The centaur zombie kicks you but does no damage.
The orc priest mumbles some strange prayers to Beogh against you.
Beogh smites you!
You die...

####.#
...o##...
####........
#..#o#
#..#.#
###..#o#
#...<#.#
#.####.#
#.@Z.o.#
########


You could see an orc priest and a centaur zombie.

Vanquished Creatures
  Jessica (D:2)
  An adder (D:2)
  A dart slug (D:1)
  2 bats
  3 endoplasms
  4 giant cockroaches (D:1)
  4 goblins (D:1)
  6 hobgoblins
  A quokka (D:2)
  6 ball pythons
  2 frilled lizards (D:2)
  5 rats
36 creatures vanquished.

Notes
Turn   | Place    | Note
-------+----------+-------------------------------------------
     0 | D:1      | Ijustatesigmund the Demonspawn Fighter began the quest for
                  | the Orb.
     0 | D:1      | Reached XP level 1. HP: 18/18 MP: 1/1
   179 | D:1      | Gained mutation: When seriously injured, your bleeding
                  | wounds create armour. (AC +6) [demonic ancestry]
   179 | D:1      | Reached XP level 2. HP: 23/24 MP: 2/2
   580 | D:1      | Reached XP level 3. HP: 25/29 MP: 3/3
  1188 | D:2      | Noticed Jessica
  1216 | D:2      | Killed Jessica
  1217 | D:2      | Reached XP level 4. HP: 20/37 MP: 4/4
  1576 | D:2      | Identified a scroll of acquirement
  1576 | D:2      | Acquired a manual of Hexes
  1866 | D:3      | Killed from afar by an orc priest

Illustrated notes

Levels and vault maps discovered:
D:1:      amcnicky_arrival_blooded_trapdoor, layout_loops_ring,
          grunt_decor_mini_mirrors
D:2:      layout_rooms, uniq_jessica
D:3:      layout_basic, gammafunk_ghost_smash, roderic_lattice_a

Skill      XL: |  1  2  3 |
---------------+----------+-----
Axes           | 2 3 |  3.4
Fighting       | |  3.7
Armour         | |  2.6
Shields        | |  2.6

Action                   |  1- 3 |  4- 6 || total
-------------------------+-------+-------++-------
Melee: War axe           |    82 |    23 ||   105
  Use: Potion            |     1 |     1 ||     2
       Scroll            |       |     6 ||     6
Armor: Scale mail        |    55 |    16 ||    71
Dodge: Dodged            |    28 |     6 ||    34
Block: Kite shield       |    52 |    14 ||    66

Table legend: (Time is in decaauts)
 A = Elapsed time spent in this place.
 B = Non-inter-level travel time spent in this place.
 C = Inter-level travel time spent in this place.
 D = Time resting spent in this place.
 E = Time spent auto-exploring this place.
 F = Levels seen in this place.
 G = Mean time per level.
                   A        B        C        D        E       F      G
               +--------+--------+--------+--------+--------+-----+--------+
         Total |   1931 |   1865 |     66 |    300 |   1266 |   3 |  643.7 |
       Dungeon |   1931 |   1865 |     66 |    300 |   1266 |   3 |  643.7 |
               +--------+--------+--------+--------+--------+-----+--------+

Top non-repeatable levels by time:
     D:1: 1031 daAuts
     D:2: 866 daAuts
     D:3: 33 daAuts
